Map: Acid Plant LE

Players

ShoWTimE - Winner!

  • Race: Protoss Protoss
  • Spawn Location: 11:00

Namshar

  • Race: Zerg Zerg
  • Spawn Location: 5:00

Event: WCS Leipzig 2018

VOD

Have the link to the VOD?

Description

Time

  • Played on: Jan. 27, 2018, 7:07 a.m.
  • Length: 19:54

All games in this series

Show
View Real Time Build Order
Export as new Build Order

ShoWTimE Protoss - Winner!

Build Orders: 1 Gate Expand, Oracle Opening, Phoenix Opening, Archon Immortal, Zealot Archon, Archon Drop 

Get SALT Encoding   

  12  0:00  Probe  
  13  0:12  Probe  
  14  0:19  Pylon  
  14  0:24  Probe  
  15  0:37  Probe (Chrono Boost)  
  16  0:46  Probe (Chrono Boost), Gateway  
  16  0:49  Assimilator  
  17  0:51  Probe (Chrono Boost)  
  18  1:04  Probe  
  19  1:16  Probe  
  20  1:26  Nexus  
  20  1:38  Cybernetics Core  
  20  1:40  Probe  
  20  1:45  Assimilator  
  21  1:52  Probe  
  22  1:55  Pylon  
  22  2:05  Probe  
  23  2:12  Adept (Chrono Boost)  
  25  2:17  Probe  
  25  2:18  Stargate  
  26  2:26  Warp Gate  
  26  2:29  Probe (Chrono Boost)  
  27  2:31  Adept  
  29  2:38  Probe (Chrono Boost)  
  29  2:41  Probe (Chrono Boost)  
  31  2:47  Probe (Chrono Boost)  
  31  2:48  Probe (Chrono Boost)  
  33  2:52  Probe (Chrono Boost)  
  33  2:55  Probe  
  35  3:00  Oracle (Chrono Boost)  
  35  3:04  Probe  
  39  3:07  Probe  
  40  3:14  Pylon  
  40  3:16  Probe  
  40  3:19  Probe  
  42  3:21  Gateway  
  42  3:24  Adept  
  44  3:28  Probe  
  44  3:32  Phoenix  
  44  3:33  Probe  
  48  3:39  Assimilator  
  48  3:40  Assimilator  
  48  3:41  Probe (Chrono Boost)  
  49  3:45  Pylon  
  50  3:50  Probe (Chrono Boost)  
  50  3:53  Probe (Chrono Boost)  
  51  3:58  Probe (Chrono Boost)  
  51  3:59  Probe (Chrono Boost)  
  51  4:01  Twilight Council  
  53  4:07  Probe  
  53  4:08  Robotics Facility  
  53  4:09  Probe  
  55  4:18  Gateway  
  55  4:19  Probe  
  56  4:25  Gateway  
  56  4:26  Gateway  
  56  4:31  Gateway  
  56  4:32  Charge (Chrono Boost)  
  56  4:38  Templar Archives  
  56  4:42  Zealot  
  56  4:45  Zealot  
  60  4:51  Pylon  
  60  4:55  Pylon, Warp Prism (Chrono Boost)  
  62  5:14  Nexus  
  62  5:24  High Templar x3  
  62  5:25  High Templar, Zealot x2  
  74  5:29  Archon  
  74  5:30  Archon  
  74  5:34  Probe x2  
  76  5:36  Pylon  
  76  5:39  Observer, Pylon  
  77  5:51  Probe  
  77  5:54  Probe, Zealot x2  
  77  5:56  Zealot  
  77  5:57  Zealot x2  
  87  5:59  Zealot  
  87  6:03  Probe  
  92  6:06  Probe  
  93  6:15  Probe  
  93  6:18  Zealot x2  
  94  6:19  Probe  
  94  6:21  Zealot x2  
  94  6:24  Zealot  
  93  6:27  Zealot  
  93  6:28  Probe  
  93  6:29  Psionic Storm  
  93  6:32  Probe  
  85  6:42  Probe  
  76  6:52  Probe (Chrono Boost)  
  76  6:53  Probe (Chrono Boost)  
  76  6:54  Probe (Chrono Boost), Assimilator, Immortal  
  81  6:59  Assimilator  
  81  7:01  High Templar x4  
  89  7:06  Zealot  
  89  7:07  Shield Battery  
  92  7:11  Zealot  
  93  7:25  Shield Battery  
  93  7:27  Pylon  
  93  7:28  Zealot  
  93  7:30  Immortal (Chrono Boost), Pylon  
  93  7:32  Gateway  
  93  7:33  Sentry  
  97  7:37  Zealot x2  
  97  7:40  Zealot x2  
  97  7:44  Probe x3  
  107  7:51  Gateway  
  108  7:56  Probe  
  108  7:58  Gateway  
  109  8:00  High Templar x2  
  109  8:02  Immortal  
  118  8:05  Probe x2  
  118  8:08  Probe  
  118  8:10  Forge  
  120  8:13  Pylon  
  120  8:16  Zealot x2  
  124  8:23  Pylon  
  124  8:31  Pylon  
  124  8:32  Pylon  
  124  8:33  Zealot x2  
  128  8:37  High Templar x2  
  132  8:41  Pylon  
  132  8:43  Observer (Chrono Boost)  
  132  8:45  Nexus  
  132  8:53  Pylon  
  132  8:54  Photon Cannon  
  132  8:55  Photon Cannon  
  132  8:56  Shield Battery, High Templar x3  
  132  8:57  High Templar  
  132  9:00  Photon Cannon  
  140  9:03  Archon x2  
  140  9:04  Photon Cannon  
  140  9:09  Photon Cannon  
  140  9:20  Zealot x4  
  148  9:26  Immortal  
  148  9:33  Probe  
  126  9:39  Zealot x2  
  126  9:40  Zealot x2  
  126  9:44  Zealot x3  
  125  9:52  Probe x3  
  128  10:04  Probe (Chrono Boost)  
  128  10:05  Probe x3 (Chrono Boost)  
  132  10:15  Probe x4 (Chrono Boost)  
  132  10:19  Probe (Chrono Boost), High Templar x7  
  147  10:24  Archon  
  147  10:25  Archon x2  
  145  10:29  Probe x3  
  145  10:31  Probe  
  146  10:41  Probe x3  
  147  10:43  Probe  
  147  10:46  Immortal  
  152  10:53  Probe  
  152  10:56  Zealot  
  152  10:57  Zealot x6  
  150  10:59  Probe x3  
  157  11:07  Probe  
  158  11:11  Probe x2  
  158  11:17  Photon Cannon  
  160  11:23  Assimilator  
  164  11:25  Immortal  
  164  11:26  Assimilator  
  164  11:30  High Templar x3  
  164  11:31  High Templar  
  172  11:35  Photon Cannon  
  172  11:36  Photon Cannon  
  172  11:37  Archon  
  172  11:38  Shield Battery  
  172  11:40  Shield Battery  
  172  11:45  Photon Cannon  
  162  11:47  Photon Cannon  
  162  11:49  Shield Battery  
  162  11:51  Archon  
  162  11:56  Zealot x3  
  168  12:06  Immortal  
  172  12:12  Zealot x4  
  180  12:18  Zealot x3  
  180  12:20  Probe  
  187  12:29  Gateway  
  187  12:31  Gateway  
  187  12:42  Pylon  
  171  12:45  Zealot x4, Immortal  
  173  13:00  Zealot x3  
  173  13:04  Gateway  
  173  13:07  Forge  
  173  13:11  Stalker  
  173  13:12  Stalker x3  
  177  13:17  Probe  
  177  13:18  Probe  
  179  13:21  Fleet Beacon  
  179  13:22  Stargate  
  179  13:23  Stargate  
  179  13:34  Zealot x5  
  179  13:38  Protoss Ground Weapons Level 1 (Chrono Boost)  
  179  13:40  Pylon  
  189  13:45  Probe  
  190  13:48  Nexus  
  190  13:49  Forge  
  190  13:51  Pylon  
  190  13:58  Pylon  
  190  14:01  Photon Cannon  
  187  14:04  Photon Cannon  
  187  14:05  Shield Battery, Zealot x5  
  195  14:25  Photon Cannon  
  195  14:26  Photon Cannon  
  195  14:28  Photon Cannon  
  195  14:30  Zealot x7, Photon Cannon  
  195  14:31  Zealot  
  199  14:36  Archon  
  191  14:42  High Templar x2  
  187  14:46  Protoss Ground Armor Level 1 (Chrono Boost)  
  187  14:47  Mothership (Chrono Boost)  
  187  14:49  Photon Cannon  
  195  14:54  High Templar x2  
  195  14:56  Photon Cannon  
  199  15:00  Assimilator  
  199  15:05  Assimilator  
  199  15:13  Carrier x2 (Chrono Boost)  
  198  15:39  Graviton Catapult (Chrono Boost)  
  194  15:44  Protoss Air Weapons Level 1  
  194  15:52  Carrier (Chrono Boost)  
  184  16:00  Zealot  
  184  16:01  Zealot x7  
  198  16:09  Zealot x2  
  188  16:22  Zealot x4  
  186  16:25  Carrier (Chrono Boost)  
  186  16:29  Zealot x5, Tempest (Chrono Boost)  
  184  16:37  Zealot  
  176  16:47  High Templar x4  
  176  16:52  Archon x2  
  180  16:55  Protoss Ground Weapons Level 2  
  180  16:56  Protoss Ground Armor Level 2  
  180  16:57  High Templar x2  
  180  16:58  High Templar x2  
  184  17:01  Tempest (Chrono Boost)  
  184  17:02  High Templar x2  
  184  17:03  Archon x2  
  184  17:04  Tempest (Chrono Boost)  
  174  17:32  High Templar x6  
  174  17:33  High Templar  
  186  17:37  Tempest  
  186  17:38  Archon  
  186  17:39  Archon x2  
  188  17:46  Zealot x3  
  164  18:08  Zealot x3  
  164  18:09  Zealot x7  
  174  18:20  Carrier  
  180  18:35  High Templar x5, Nexus  
  188  18:54  Pylon  
  188  19:06  Zealot x5  
  198  19:11  Observer  
Show
View Real Time Build Order
Export as new Build Order

Namshar Zerg 

Build Orders: Hatch First 

Get SALT Encoding   

  12  0:00  Drone  
  13  0:12  Overlord  
  13  0:18  Drone  
  14  0:30  Drone x2  
  14  0:34  Drone  
  17  0:50  Hatchery  
  17  0:53  Drone  
  17  0:57  Drone  
  18  1:07  Extractor  
  17  1:12  Spawning Pool  
  17  1:15  Drone  
  17  1:18  Drone  
  18  1:27  Drone  
  19  1:38  Overlord  
  19  1:49  Drone  
  20  1:58  Queen  
  20  1:59  Zergling x2  
  23  2:02  Queen  
  23  2:03  Zergling x2  
  23  2:06  Metabolic Boost  
  26  2:11  Drone  
  26  2:13  Drone  
  28  2:22  Drone  
  29  2:25  Drone  
  30  2:35  Hatchery  
  29  2:37  Drone  
  29  2:43  Overlord  
  30  2:45  Drone  
  30  2:47  Drone  
  32  2:53  Drone  
  32  2:56  Drone  
  32  2:58  Queen  
  36  3:08  Drone x4  
  40  3:13  Overlord  
  40  3:17  Drone, Zergling x2  
  40  3:18  Drone  
  40  3:19  Drone  
  44  3:25  Spore Crawler  
  43  3:29  Drone  
  43  3:33  Spore Crawler, Queen  
  43  3:39  Drone x2  
  47  3:43  Drone  
  47  3:44  Drone x3  
  47  3:48  Drone x3  
  54  3:53  Overlord  
  54  3:56  Lair  
  53  4:03  Overlord  
  53  4:04  Overlord  
  53  4:05  Drone  
  53  4:06  Drone  
  53  4:08  Drone  
  56  4:10  Drone  
  56  4:11  Drone  
  58  4:18  Extractor  
  58  4:19  Extractor  
  58  4:20  Extractor  
  58  4:21  Drone x3  
  58  4:22  Drone  
  58  4:23  Drone x3  
  62  4:25  Spore Crawler  
  62  4:30  Overlord  
  61  4:31  Drone  
  61  4:32  Drone  
  63  4:39  Overlord  
  63  4:44  Drone  
  63  4:45  Drone  
  65  4:46  Drone  
  65  4:47  Overlord  
  65  4:48  Drone x2  
  65  4:49  Drone  
  65  4:51  Drone  
  70  4:54  Hydralisk Den  
  69  5:00  Drone x2  
  69  5:01  Drone  
  69  5:03  Overlord  
  69  5:04  Evolution Chamber  
  71  5:10  Drone  
  71  5:11  Overlord  
  72  5:23  Hydralisk x6  
  72  5:24  Muscular Augments  
  72  5:26  Hydralisk  
  85  5:31  Hydralisk  
  85  5:34  Drone  
  88  5:35  Extractor, Hydralisk  
  88  5:37  Extractor  
  88  5:39  Zergling x4  
  88  5:40  Hydralisk  
  92  5:44  Hydralisk  
  94  5:51  Overlord  
  94  5:53  Drone x6  
  94  5:54  Hydralisk x2  
  104  6:01  Overlord  
  104  6:03  Hatchery  
  103  6:06  Hydralisk x2  
  103  6:09  Hydralisk  
  103  6:19  Hydralisk x2  
  103  6:23  Hydralisk  
  103  6:24  Zergling x16  
  107  6:27  Hydralisk  
  107  6:28  Zergling x6  
  103  6:39  Hydralisk  
  98  6:40  Zergling x4  
  98  6:42  Hydralisk  
  98  6:45  Queen  
  99  6:49  Overseer  
  99  6:50  Queen x2  
  99  6:52  Drone  
  104  6:55  Zerg Missile Weapons Level 1  
  104  7:02  Overlord  
  104  7:06  Drone  
  105  7:09  Drone x3  
  108  7:20  Queen  
  108  7:22  Hydralisk x2  
  108  7:23  Hydralisk  
  108  7:25  Zergling x6  
  116  7:35  Hydralisk  
  116  7:36  Zergling x10  
  123  7:47  Drone x4  
  123  7:48  Queen  
  128  7:53  Pneumatized Carapace  
  128  8:02  Drone  
  128  8:03  Drone  
  128  8:04  Drone  
  128  8:05  Baneling Nest  
  130  8:07  Hatchery  
  130  8:09  Overlord x5  
  130  8:10  Overlord  
  130  8:11  Overseer  
  130  8:12  Drone  
  130  8:13  Evolution Chamber  
  130  8:15  Drone x2  
  130  8:16  Drone x2  
  130  8:17  Overlord  
  130  8:19  Hydralisk  
  135  8:27  Hydralisk  
  135  8:28  Hydralisk x2  
  141  8:35  Hydralisk x4  
  141  8:36  Overlord  
  141  8:40  Zerg Melee Weapons Level 1  
  149  8:58  Centrifical Hooks, Zerg Missile Weapons Level 2  
  149  9:03  Hydralisk  
  149  9:04  Hydralisk x8  
  149  9:06  Baneling  
  149  9:07  Baneling x8  
  149  9:09  Baneling x3  
  167  9:10  Baneling  
  167  9:19  Drone  
  167  9:20  Drone x3  
  167  9:21  Hydralisk x4  
  177  9:27  Zergling x4, Hydralisk x2  
  156  9:54  Hydralisk x6  
  156  9:58  Zergling x2, Hydralisk  
  156  9:59  Zergling x10  
  176  10:05  Baneling  
  176  10:06  Baneling x4  
  176  10:07  Hatchery  
  167  10:17  Hydralisk x2  
  167  10:18  Zergling x2, Hydralisk x2  
  167  10:19  Zergling x12  
  179  10:29  Drone  
  179  10:30  Infestation Pit  
  171  10:43  Zergling x2, Hydralisk  
  171  10:45  Baneling x3  
  171  10:46  Baneling  
  167  10:54  Hydralisk  
  167  10:55  Zergling x2, Hydralisk x5  
  167  10:56  Zergling x14  
  168  10:58  Overlord  
  168  10:59  Overlord x3  
  166  11:08  Hydralisk x3  
  172  11:11  Drone x2  
  172  11:17  Hydralisk  
  172  11:18  Hydralisk x3  
  176  11:20  Drone x2  
  176  11:21  Drone, Extractor  
  176  11:22  Extractor  
  183  11:28  Baneling x6  
  183  11:29  Hydralisk  
  183  11:30  Zergling x18  
  193  11:47  Hydralisk x3  
  193  11:48  Zergling x2  
  191  12:06  Hydralisk x6  
  181  12:20  Hydralisk  
  181  12:21  Hydralisk x9  
  193  12:23  Zergling x18  
  193  12:28  Hive  
  188  12:55  Hydralisk  
  188  12:56  Hydralisk x5  
  191  13:00  Hydralisk  
  191  13:01  Zergling x8  
  191  13:02  Zergling x2, Spire  
  178  13:12  Extractor  
  178  13:13  Overlord x4  
  171  13:22  Hydralisk  
  171  13:23  Hydralisk x3  
  171  13:24  Zergling x18  
  188  13:29  Zerg Melee Weapons Level 2  
  188  13:30  Zerg Ground Armor Level 1  
  188  13:32  Baneling x13  
  186  13:42  Baneling x3  
  186  13:43  Baneling  
  183  14:07  Adrenal Glands  
  183  14:14  Greater Spire  
  183  14:17  Hydralisk  
  183  14:18  Zergling x30  
  183  14:23  Spine Crawler x2  
  165  14:43  Corruptor x8  
  178  14:51  Baneling, Hydralisk  
  178  14:52  Baneling x5, Zergling x6, Hydralisk  
  185  14:53  Zergling x2  
  185  14:56  Queen  
  188  15:05  Corruptor x2  
  182  15:24  Overseer  
  182  15:27  Brood Lord x6  
  192  15:30  Overseer  
  192  15:32  Brood Lord  
  194  15:38  Brood Lord  
  193  15:47  Hydralisk  
  193  15:48  Hydralisk x2  
  166  16:12  Brood Lord x2  
  166  16:17  Extractor  
  168  16:19  Hydralisk x6  
  166  16:28  Hydralisk x3  
  166  16:29  Zergling x2  
  167  16:38  Overseer x4  
  165  16:57  Overseer  
  165  16:58  Overseer  
  165  17:02  Hatchery  
  163  17:21  Hydralisk  
  163  17:22  Hydralisk x4  
  159  17:30  Hydralisk x5  
  159  17:32  Zerg Ground Armor Level 2  
  159  17:35  Overseer x2  
  169  17:49  Hydralisk x5  
  161  17:56  Hydralisk x2  
  153  18:02  Hydralisk x3  
  131  18:16  Hydralisk x4  
  111  18:32  Hydralisk x2  
  117  18:46  Overseer x2  
  113  18:49  Hydralisk x3  
  101  18:57  Hydralisk x3  
  101  19:01  Zergling x2  
  101  19:02  Zergling x4  
Tags
 
Add a new tag
Caveats
  • Supply blocks, unpowered buildings, or Contaminate may cause inaccurate times.
  • Supply counts are checked every 10 seconds.